 Dungeon Crawl Stone Soup version 0.26-a0-1058-g8dc6ce00ff (webtiles) character file.

Game seed: 972385247871940512

2993 Morbidden the Carver (level 9, -8/69 HPs)
             Began as a Demonspawn Fighter on Dec 13, 2020.
             Was a Believer of Cheibriados.
             Mangled by an orc knight
             ... wielding a +0 halberd
              (22 damage)
             ... in a bailey.
             The game lasted 00:12:09 (7298 turns).

Morbidden the Carver (Demonspawn Fighter)           Turns: 7298, Time: 00:12:10

Health: -8/69      AC: 16    Str: 27    XL:     9   Next: 54%
Magic:  0/11       EV: 11    Int: 17    God:    Cheibriados [**....]
Gold:   421        SH: 17    Dex: 16    Spells: 11/11 levels left

rFire    . . .     SeeInvis .   a - +0 long sword
rCold    . . .     Faith    .   c - +1 kite shield
rNeg     . . .     Spirit   +   t - +4 chain mail
rPois    +         Reflect  +   (helmet restricted)
rElec    .         Harm     .   (no cloak)
rCorr    .         Rampage  .   s - +0 pair of gloves
Will     .....                  y - +0 pair of boots (curse)
Stlth    ..........             n - amulet of reflection
HPRegen  0.21/turn              l - ring of poison resistance
MPRegen  0.12/turn              o - +6 ring of strength

@: very slow
A: horns 1, repulsion field 1, spiny 1, magic shield
a: Bend Time, Renounce Religion


You were in a bailey.
You worshipped Cheibriados.
Cheibriados was pleased with you.
You visited 2 branches of the dungeon, and saw 9 of its levels.
You also visited: Bailey.

You collected 436 gold pieces.
You spent 15 gold pieces at shops.

Inventory:

Hand Weapons
 a - a +0 long sword (weapon)
Missiles
 m - 43 poisoned darts (quivered)
 A - 2 curare-tipped darts
Armour
 c - a +1 kite shield (worn)
 s - a +0 pair of gloves (worn)
 t - a +4 chain mail (worn)
 y - a cursed +0 pair of boots (worn)
Jewellery
 l - a ring of poison resistance (left hand)
 n - an amulet of reflection (around neck)
 o - a +6 ring of strength (right hand)
 u - an uncursed ring of stealth
Wands
 r - a wand of paralysis (8)
Scrolls
 e - 2 scrolls of blinking
 f - 2 scrolls of amnesia
 h - 5 scrolls of remove curse
 i - 4 scrolls of fear
 q - a scroll of identify
 w - 4 scrolls of enchant weapon {unknown}
Potions
 b - 3 potions of lignification
 d - 2 potions of might
 g - a potion of flight
 j - 3 potions of heal wounds
 k - a potion of brilliance
 p - a potion of resistance
 v - a potion of invisibility
 z - 6 potions of curing


   Skills:
 * Level 5.9 Fighting
 * Level 8.2 Long Blades
 + Level 0.8 Throwing
 + Level 4.4 Armour
 * Level 3.9 Dodging
 + Level 1.6 Stealth
 + Level 4.7 Shields
 * Level 1.8 Spellcasting
 * Level 3.2 Invocations
 + Level 0.1 Evocations


You had 11 spell levels left.
You didn't know any spells.
Your spell library was empty.

Dungeon Overview and Level Annotations

Branches:
Dungeon (8/15)             Temple (1/1) D:6          Bailey (1/1)
   Lair: D:8-11

Altars:
Ashenzari
Cheibriados
Dithmenos
Elyvilon
Fedhas
Gozag
Hepliaklqana
Kikubaaqudgha
Makhleb
Nemelex Xobeh
Qazlal
Ru
Sif Muna
Trog
Uskayaw
Vehumet
Wu Jian
Xom
Yredelemnul
The Shining One

Shops:
D:6 (


Innate Abilities, Weirdness & Mutations

You have a pair of small horns on your head.
You are surrounded by a mild repulsion field. (EV +2)
You are partially covered in sharp spines.
When hurt, damage is shared between your health and your magic reserves.


Message History

Unknown command.
w - 2 scrolls labelled BUNWIKHLIHA The orc cries, "Mommeee!"
The orc knight roars a battlecry!
Cornered, the orc turns to fight!
The orc knight starts to cry.
You see here a scroll labelled BUNWIKHLIHA.
w - 3 scrolls labelled BUNWIKHLIHA (gained 1)
You block the orc knight's attack. You block the orc knight's attack.
The orc hits you with a +0 spear.
You see here a scroll labelled BUNWIKHLIHA.
w - 4 scrolls labelled BUNWIKHLIHA (gained 1) Cornered, the orc knight turns to fight!
You block the orc's attack. You block the orc knight's attack.
Unknown command.
The orc knight hits you from afar with a +0 halberd!!
* * * LOW HITPOINT WARNING * * *
You block the orc's attack.
The orc knight hits you from afar with a +0 halberd!!
You die...

##### ############
.....###.o.......o##
......'............#
o.....'.........@o.#
.o....'...........∩#
...o..'.......o....#
.o....'.....o......#
.....###o.........##
##### ############


You could see 2 orc knights, an orc warrior (strong, fleeing), an orc priest
(summoned, strong) and an orc (strong).

Vanquished Creatures
  Grinder (D:4)
  A steam dragon (D:8)
  7 orc warriors (Bailey)
  An ice beast (D:6)
  2 phantoms (D:4)
  A sky beast (D:5)
  A necrophage (D:7)
  2 ogres
  A big kobold (D:7)
  4 bullfrogs
  Blork the orc (D:5)
  A scorpion (D:8)
  A water moccasin skeleton (D:4)
  3 wights (D:8)
  3 howler monkeys (D:7)
  3 jellies
  3 orc priests
  3 hounds
  An orc wizard (D:8)
  Terence (D:3)
  2 worker ants
  A killer bee zombie (D:7)
  A hound zombie (D:6)
  9 adders
  2 shadow imps (D:5)
  2 white imps
  An ufetubus (D:8)
  2 oozes
  3 adder skeletons
  An adder zombie (D:7)
  2 worms (D:4)
  6 dart slugs
  3 leopard geckos
  36 orcs
  A ball python (D:2)
  8 bats
  3 giant cockroaches
  9 hobgoblins
  A quokka (D:2)
  2 frilled lizards
  8 goblins
  13 kobolds
  3 rats
160 creatures vanquished.

Notes
Turn   | Place    | Note
-------+----------+-------------------------------------------
     0 | D:1      | Morbidden the Demonspawn Fighter began the quest for the
                  | Orb.
     0 | D:1      | Reached XP level 1. HP: 18/18 MP: 1/1
   116 | D:1      | Gained mutation: You have a pair of small horns on your
                  | head. [demonic ancestry]
   116 | D:1      | Reached XP level 2. HP: 22/24 MP: 2/2
   226 | D:1      | Reached skill level 2 in Long Blades
   777 | D:2      | Gained mutation: You are surrounded by a mild repulsion
                  | field. (EV +2) [demonic ancestry]
   777 | D:2      | Reached XP level 3. HP: 29/29 MP: 3/3
   853 | D:2      | Found an ornate altar of the Wu Jian Council.
  1332 | D:2      | Noticed a bullfrog
  1339 | D:2      | Killed a bullfrog
  1340 | D:2      | Reached skill level 3 in Long Blades
  1340 | D:2      | Reached XP level 4. HP: 21/37 MP: 4/4
  1717 | D:3      | Reached skill level 1 in Dodging
  1717 | D:3      | Reached XP level 5. HP: 42/42 MP: 5/5
  2039 | D:3      | Noticed Terence
  2060 | D:3      | Killed Terence
  2061 | D:3      | Reached skill level 4 in Long Blades
  2389 | D:4      | Reached XP level 6. HP: 44/48 MP: 6/6
  2603 | D:4      | Got an ancient chain mail
  2605 | D:4      | Identified the cursed +0 chain mail "Waroud" {Will++} (You
                  | found it on level 4 of the Dungeon)
  2645 | D:4      | Noticed Grinder
  2662 | D:4      | Paralysed by Grinder for 4 turns
  2673 | D:4      | Killed Grinder
  2674 | D:4      | Reached skill level 5 in Long Blades
  2674 | D:4      | Reached skill level 1 in Stealth
  2674 | D:4      | Reached XP level 7. HP: 37/54 MP: 7/7
  3844 | D:5      | Entered Level 5 of the Dungeon
  3884 | D:5      | Reached skill level 6 in Long Blades
  3941 | D:5      | Gained mutation: You are partially covered in sharp spines.
                  | [demonic ancestry]
  3941 | D:5      | Reached XP level 8. HP: 60/61 MP: 8/8
  3945 | D:5      | Noticed Blork the orc
  3952 | D:5      | Killed Blork the orc
  4480 | D:6      | Found a basalt altar of Yredelemnul.
  4520 | D:6      | Reached skill level 5 in Fighting
  4656 | D:6      | Found Jecuqud's Weapon Shop.
  4694 | D:6      | Bought 2 curare-tipped darts for 15 gold pieces
  4886 | D:6      | Reached skill level 7 in Long Blades
  4889 | D:6      | Found a staircase to the Ecumenical Temple.
  4899 | Temple   | Entered the Ecumenical Temple
  5034 | Temple   | Became a worshipper of Cheibriados the Contemplative
  5548 | D:7      | Found an opulent altar of Gozag.
  6199 | D:7      | You fall into a shaft and drop 1 floor!
  6222 | D:8      | Reached skill level 1 in Invocations
  6259 | D:8      | Gained mutation: When hurt, damage is shared between your
                  | health and your magic reserves. [demonic ancestry]
  6259 | D:8      | Reached XP level 9. HP: 9/68 MP: 10/10
  6416 | D:8      | Found a flagged portal.
  6422 | D:8      | Reached * piety under Cheibriados
  6442 | D:8      | Reached skill level 1 in Spellcasting
  6455 | Bailey   | Entered a bailey
  6925 | Bailey   | Reached skill level 8 in Long Blades
  6946 | Bailey   | Identified a scroll of acquirement
  7053 | Bailey   | Acquired an uncursed amulet of reflection
  7206 | Bailey   | Reached ** piety under Cheibriados
  7289 | Bailey   | Noticed an orc knight
  7289 | Bailey   | Noticed an orc knight
  7291 | Bailey   | Noticed an orc knight
  7298 | Bailey   | Mangled by an orc knight

Illustrated notes

Levels and vault maps discovered:
D:1:      dpeg_arrival_connections, layout_basic,
          chequers_serial_rivers_micro_e, minmay_misc_feat_four_crosses
D:2:      layout_loops_cross, old_standard_altar, chequers_serial_rivers_marsh
D:3:      layout_rooms, uniq_terence
D:4:      layout_basic, minmay_unequal, uniq_grinder
D:5:      layout_loops_cross, uniq_blork_the_orc
D:6:      layout_cave_pods, temple_hall, basic_altar, serial_shops, shop
D:7:      layout_loops_cross, lemuel_round_altar
D:8:      layout_basic, enter_bailey_5, nemelex_xobeh_ov_fountains_minmay,
          uniq_grum
Temple:   hc_temple_tempest_star
Bailey:   bailey_polearm_5, bailey

Skill      XL: |  1  2  3  4  5  6  7  8  9 |
---------------+----------------------------+-----
Long Blades    | 2 3 4 5 6 7 8 |  8.2
Armour         | 3 4 |  4.4
Shields        | 3 4 |  4.7
Dodging        | 1 2 3 |  3.9
Fighting       | 4 5 |  5.9
Stealth        | 1 |  1.6
Invocations    | 2 3 |  3.2
Spellcasting   | 1 |  1.8
Throwing       | |  0.8
Evocations     | |  0.1

Action                   |  1- 3 |  4- 6 |  7- 9 || total
-------------------------+-------+-------+-------++-------
Melee: Long sword        |    88 |   114 |   287 ||   489
       Headbutt          |     7 |    22 |    71 ||   100
Throw: Dart              |       |       |    19 ||    19
Evoke: Wand              |       |     2 |       ||     2
  Use: Scroll            |       |     4 |    20 ||    24
       Potion            |       |     1 |     1 ||     2
 Stab: Paralysed         |       |     4 |       ||     4
       Fleeing           |       |       |     1 ||     1
Armor: Scale mail        |    39 |    21 |       ||    60
       Chain mail        |       |    13 |   143 ||   156
Dodge: Dodged            |    30 |    47 |   118 ||   195
Block: Kite shield       |    43 |    50 |   247 ||   340
       Rpst.: Long sword |     6 |    15 |    29 ||    50

Table legend: (Time is in decaauts)
 A = Elapsed time spent in this place.
 B = Non-inter-level travel time spent in this place.
 C = Inter-level travel time spent in this place.
 D = Time resting spent in this place.
 E = Time spent auto-exploring this place.
 F = Levels seen in this place.
 G = Mean time per level.
                   A        B        C        D        E       F      G
               +--------+--------+--------+--------+--------+-----+--------+
         Total |   7798 |   7512 |    286 |    827 |   5295 |  10 |  779.8 |
       Dungeon |   6721 |   6435 |    286 |    203 |   5079 |   8 |  840.1 |
        Temple |    182 |    182 |      0 |      0 |    155 |   1 |  182.0 |
        Bailey |    894 |    894 |      0 |    624 |     60 |   1 |  894.0 |
               +--------+--------+--------+--------+--------+-----+--------+

Top non-repeatable levels by time:
     D:4: 1571 daAuts
     D:2: 1046 daAuts
     D:6: 1001 daAuts
  Bailey: 894 daAuts
     D:7: 830 daAuts
     D:1: 656 daAuts
     D:3: 648 daAuts
     D:5: 641 daAuts
     D:8: 325 daAuts
  Temple: 182 daAuts
